[Event "Tata Steel Chess, Group A"]
[Site "Wijk aan Zee, The Netherlands"]
[Date "2011.01.18"]
[Round "4"]
[White "Aronian, Levon"]
[Black "Nepomniachtchi, Ian"]
[Result "1-0"]
[ECO "D83"]
[WhiteElo "2805"]
[BlackElo "2733"]
[PlyCount "51"]
[EventDate "2011.01.14"]
[EventType "tourn"]
[EventRounds "13"]
[EventCountry "NED"]
[EventCategory "20"]
[Source "Wijk aan Zee"]
[SourceDate "2011.01.30"]
[WhiteTeam "Armenia"]
[BlackTeam "Russia"]
[WhiteTeamCountry "ARM"]
[BlackTeamCountry "RUS"]
[TimeControl "40/6000+30:20/3000+30:900+30"]

1. d4 Nf6 2. c4 g6 3. Nc3 d5 4. Bf4 Bg7 5. e3 O-O 6. Rc1 Be6 7. Qb3 c5 8. Qxb7
cxd4 9. exd4 Qb6 10. Qxa8 Nh5 11. c5 Qxb2 12. Bd2 Bxd4 13. Nf3 Nd7 14. Qxf8+
Kxf8 15. Nxd4 Nxc5 16. Rb1 Qa3 17. Be2 Nf4 18. O-O Nxe2+ 19. Ncxe2 Nd7 20. Rb7
Qa6 21. Nxe6+ Qxe6 22. Nd4 Qg4 23. Rc1 f6 24. Be3 Nb6 25. h3 Qe4 26. Rcc7 1-0

[Event "Tata Steel Chess, Group A"]
[Site "Wijk aan Zee, The Netherlands"]
[Date "2011.01.18"]
[Round "4"]
[White "Giri, Anish"]
[Black "Nakamura, Hikaru"]
[Result "1/2-1/2"]
[ECO "E20"]
[WhiteElo "2686"]
[BlackElo "2751"]
[PlyCount "138"]
[EventDate "2011.01.14"]
[EventType "tourn"]
[EventRounds "13"]
[EventCountry "NED"]
[EventCategory "20"]
[Source "Wijk aan Zee"]
[SourceDate "2011.01.30"]
[WhiteTeam "Netherlands"]
[BlackTeam "US of America"]
[WhiteTeamCountry "NED"]
[BlackTeamCountry "USA"]
[TimeControl "40/6000+30:20/3000+30:900+30"]

1. d4 Nf6 2. c4 e6 3. g3 c5 4. Nf3 cxd4 5. Nxd4 Bb4+ 6. Nc3 Ne4 7. Qd3 Nxc3 8.
bxc3 Be7 9. Nb5 Nc6 10. Bf4 e5 11. Bc1 O-O 12. Bg2 d6 13. Ba3 Qa5 14. O-O Rd8
15. Bb4 Qb6 16. a4 Na5 17. Rfd1 Be6 18. Bxa5 Qxa5 19. Bxb7 Rab8 20. Bd5 Rbc8
21. Qf3 Bxd5 22. Rxd5 Qa6 23. Qe4 Rc6 24. c5 Rxc5 25. Rxc5 dxc5 26. Qxe5 Qb7
27. Rb1 Bf6 28. Qf5 Qc6 29. Nxa7 Qxa4 30. Qxc5 Qa2 31. Re1 Qd2 32. Kf1 Bxc3 33.
Rb1 Bd4 34. Qe7 Bxa7 35. Qxa7 Qd5 36. Kg1 Qa8 37. Qxa8 Rxa8 38. Rb5 f6 39. h4
Re8 40. Kf1 g6 41. g4 Re4 42. f3 Ra4 43. Rb8+ Kg7 44. Rb7+ Kg8 45. Kf2 Ra5 46.
Kg3 h6 47. Rd7 h5 48. gxh5 Rxh5 49. e4 g5 50. hxg5 Rxg5+ 51. Kf4 Ra5 52. Rc7
Kf8 53. Rd7 Kg8 54. Rd5 Ra3 55. Kg4 Re3 56. Rd7 Kf8 57. Ra7 Kg8 58. f4 Rxe4 59.
Kf5 Re8 60. Kg6 f5 61. Rg7+ Kh8 62. Rh7+ Kg8 63. Rg7+ Kh8 64. Rf7 Kg8 65. Rxf5
Re7 66. Rg5 Rf7 67. Kh6+ Kf8 68. f5 Rf6+ 69. Kh5 Kf7 1/2-1/2

[Event "Tata Steel Chess, Group A"]
[Site "Wijk aan Zee, The Netherlands"]
[Date "2011.01.18"]
[Round "4"]
[White "Grischuk, Alexander"]
[Black "Kramnik, Vladimir"]
[Result "1/2-1/2"]
[ECO "A11"]
[WhiteElo "2773"]
[BlackElo "2784"]
[PlyCount "68"]
[EventDate "2011.01.14"]
[EventType "tourn"]
[EventRounds "13"]
[EventCountry "NED"]
[EventCategory "20"]
[Source "Wijk aan Zee"]
[SourceDate "2011.01.30"]
[WhiteTeam "Russia"]
[BlackTeam "Russia"]
[WhiteTeamCountry "RUS"]
[BlackTeamCountry "RUS"]
[TimeControl "40/6000+30:20/3000+30:900+30"]

1. Nf3 d5 2. c4 c6 3. e3 Nf6 4. Nc3 Nbd7 5. Qc2 e6 6. b3 Bd6 7. Bb2 O-O 8. Be2
Re8 9. O-O e5 10. cxd5 Nxd5 11. Ne4 Bc7 12. Ng3 Nf8 13. a3 a5 14. d4 Ng6 15.
Bd3 exd4 16. Nxd4 Bg4 17. Bf5 Nf6 18. f3 Bh5 19. Rae1 Nf8 20. Nxh5 Nxh5 21. f4
Bb6 22. Bg4 Nf6 23. Bf3 Nd5 24. Bxd5 Qxd5 25. Nf5 f6 26. Rd1 Qe4 27. Qxe4 Rxe4
28. Rf3 g6 29. Nh6+ Kg7 30. Ng4 Kf7 31. Nh6+ Kg7 32. Ng4 Kf7 33. Nh6+ Ke7 34.
Ng8+ Kf7 1/2-1/2

[Event "Tata Steel Chess, Group A"]
[Site "Wijk aan Zee, The Netherlands"]
[Date "2011.01.18"]
[Round "4"]
[White "L'Ami, Erwin"]
[Black "Smeets, Jan"]
[Result "1/2-1/2"]
[ECO "D11"]
[WhiteElo "2628"]
[BlackElo "2662"]
[PlyCount "53"]
[EventDate "2011.01.14"]
[EventType "tourn"]
[EventRounds "13"]
[EventCountry "NED"]
[EventCategory "20"]
[Source "Wijk aan Zee"]
[SourceDate "2011.01.30"]
[WhiteTeam "Netherlands"]
[BlackTeam "Netherlands"]
[WhiteTeamCountry "NED"]
[BlackTeamCountry "NED"]
[TimeControl "40/6000+30:20/3000+30:900+30"]

1. d4 d5 2. c4 c6 3. Nf3 Nf6 4. e3 Bg4 5. Qb3 Qb6 6. Nc3 e6 7. Nh4 Bh5 8. h3
Qxb3 9. axb3 Na6 10. g4 Nb4 11. Ke2 Bg6 12. Nxg6 hxg6 13. Bg2 Be7 14. Bd2 a5
15. Rhc1 b6 16. Na4 Nd7 17. cxd5 cxd5 18. Bf1 Bd6 19. Kf3 Ke7 20. Kg2 Rhb8 21.
Nc3 Na6 22. Bxa6 Rxa6 23. Nb5 Raa8 24. Nxd6 Kxd6 25. b4 a4 26. b5 Nf6 27. Ra3
1/2-1/2

[Event "Tata Steel Chess, Group A"]
[Site "Wijk aan Zee, The Netherlands"]
[Date "2011.01.18"]
[Round "4"]
[White "Ponomariov, Ruslan"]
[Black "Carlsen, Magnus"]
[Result "1/2-1/2"]
[ECO "A30"]
[WhiteElo "2744"]
[BlackElo "2814"]
[PlyCount "63"]
[EventDate "2011.01.14"]
[EventType "tourn"]
[EventRounds "13"]
[EventCountry "NED"]
[EventCategory "20"]
[Source "Wijk aan Zee"]
[SourceDate "2011.01.30"]
[WhiteTeam "Ukraine"]
[BlackTeam "Norway"]
[WhiteTeamCountry "UKR"]
[BlackTeamCountry "NOR"]
[TimeControl "40/6000+30:20/3000+30:900+30"]

1. Nf3 Nf6 2. c4 b6 3. g3 c5 4. Bg2 Bb7 5. O-O e6 6. Nc3 d6 7. d4 cxd4 8. Nxd4
Bxg2 9. Kxg2 Qc7 10. Bg5 Nbd7 11. Qa4 Be7 12. Rfd1 O-O 13. Nc6 Bd8 14. b4 Rc8
15. b5 Ne5 16. Bf4 Be7 17. c5 Nxc6 18. cxd6 Qb7 19. bxc6 Rxc6 20. dxe7 Rxc3+
21. Kg1 Re8 22. Be5 b5 23. Rab1 Rc5 24. Bd4 Rd5 25. Qxa7 Qxe7 26. Qxe7 Rxe7 27.
Bc3 h6 28. Rxd5 Nxd5 29. Bd4 b4 30. e4 Nc3 31. Rxb4 Nxa2 32. Rc4 1/2-1/2

[Event "Tata Steel Chess, Group A"]
[Site "Wijk aan Zee, The Netherlands"]
[Date "2011.01.18"]
[Round "4"]
[White "Shirov, Alexei"]
[Black "Vachier Lagrave, Maxime"]
[Result "0-1"]
[ECO "D87"]
[WhiteElo "2722"]
[BlackElo "2715"]
[PlyCount "64"]
[EventDate "2011.01.14"]
[EventType "tourn"]
[EventRounds "13"]
[EventCountry "NED"]
[EventCategory "20"]
[Source "Wijk aan Zee"]
[SourceDate "2011.01.30"]
[WhiteTeam "Spain"]
[BlackTeam "France"]
[WhiteTeamCountry "ESP"]
[BlackTeamCountry "FRA"]
[TimeControl "40/6000+30:20/3000+30:900+30"]

1. d4 Nf6 2. c4 g6 3. Nc3 d5 4. cxd5 Nxd5 5. e4 Nxc3 6. bxc3 Bg7 7. Bc4 c5 8.
Ne2 Nc6 9. Be3 O-O 10. O-O Na5 11. Bd3 b6 12. Qd2 e5 13. Bh6 cxd4 14. cxd4 exd4
15. Rac1 Bb7 16. Bxg7 Kxg7 17. f4 Rc8 18. f5 Rxc1 19. Qxc1 Nc6 20. f6+ Kh8 21.
Qg5 Qd6 22. Ng3 Rg8 23. Bc4 Ne5 24. Bb3 d3 25. h3 Ba6 26. Rf4 d2 27. Kh2 Qc5
28. h4 Nd3 29. e5 Nxf4 30. Ne4 Ne6 31. Bxe6 Qc6 32. Bxf7 d1=Q 0-1

[Event "Tata Steel Chess, Group A"]
[Site "Wijk aan Zee, The Netherlands"]
[Date "2011.01.20"]
[Round "5"]
[White "Carlsen, Magnus"]
[Black "L'Ami, Erwin"]
[Result "1-0"]
[ECO "C77"]
[WhiteElo "2814"]
[BlackElo "2628"]
[PlyCount "187"]
[EventDate "2011.01.14"]
[EventType "tourn"]
[EventRounds "13"]
[EventCountry "NED"]
[EventCategory "20"]
[Source "Wijk aan Zee"]
[SourceDate "2011.01.30"]
[WhiteTeam "Norway"]
[BlackTeam "Netherlands"]
[WhiteTeamCountry "NOR"]
[BlackTeamCountry "NED"]
[TimeControl "40/6000+30:20/3000+30:900+30"]

1. e4 e5 2. Nf3 Nc6 3. Bb5 a6 4. Ba4 Nf6 5. d3 d6 6. c3 g6 7. O-O Bg7 8. Re1
O-O 9. Nbd2 Kh8 10. Nf1 Ng8 11. Bg5 f6 12. Bh4 Qe8 13. d4 Bd7 14. d5 Nd8 15.
Bxd7 Qxd7 16. N3d2 Nf7 17. f3 f5 18. c4 a5 19. Bf2 Nf6 20. c5 fxe4 21. Nxe4
dxc5 22. Nxc5 Qxd5 23. Qxd5 Nxd5 24. Rad1 c6 25. Ne3 Rfd8 26. a4 Nxe3 27. Bxe3
b5 28. b3 bxa4 29. bxa4 Rd5 30. Ne6 Bf8 31. Nc7 Rxd1 32. Rxd1 Rd8 33. Rc1 Rd3
34. Bb6 Bb4 35. Rxc6 Ra3 36. Ne6 h5 37. f4 Rxa4 38. fxe5 Ra1+ 39. Kf2 Re1 40.
Bd4 Kg8 41. Rc8+ Kh7 42. Nf8+ Kh6 43. Nd7 Rd1 44. Be3+ Kg7 45. Rc7 a4 46. e6
Nd6 47. h4 a3 48. Ra7 g5 49. hxg5 Kg6 50. e7 a2 51. Nf8+ Kf5 52. Rxa2 Ne4+ 53.
Kf3 Rf1+ 54. Ke2 Ng3+ 55. Kd3 Bxe7 56. Ra5+ Kg4 57. Ra4+ Kf5 58. Ra5+ Kg4 59.
Ne6 Rd1+ 60. Kc2 Rd7 61. g6 Nf1 62. Bc1 Bf6 63. g7 Bxg7 64. Rg5+ Kh4 65. Nxg7
Ne3+ 66. Bxe3 Rd2+ 67. Kc1 Rd1+ 68. Kb2 Rd2+ 69. Kc3 Rd3+ 70. Kc4 Rxe3 71.
Rxh5+ Kg4 72. Rh2 Re7 73. Nh5 Re5 74. Nf6+ Kg3 75. Rh7 Kxg2 76. Kd4 Re1 77. Ng4
Kg3 78. Ne3 Ra1 79. Rg7+ Kf4 80. Rf7+ Kg3 81. Nc2 Ra4+ 82. Ke3 Kg4 83. Nd4 Kg5
84. Ke4 Kg6 85. Rf1 Ra5 86. Nc6 Ra4+ 87. Ke5 Kg5 88. Rg1+ Rg4 89. Ra1 Rg3 90.
Re1 Rg2 91. Ne7 Kg4 92. Nf5 Ra2 93. Rg1+ Kf3 94. Nh4+ 1-0

[Event "Tata Steel Chess, Group A"]
[Site "Wijk aan Zee, The Netherlands"]
[Date "2011.01.20"]
[Round "5"]
[White "Kramnik, Vladimir"]
[Black "Aronian, Levon"]
[Result "1/2-1/2"]
[ECO "D10"]
[WhiteElo "2784"]
[BlackElo "2805"]
[PlyCount "51"]
[EventDate "2011.01.14"]
[EventType "tourn"]
[EventRounds "13"]
[EventCountry "NED"]
[EventCategory "20"]
[Source "Wijk aan Zee"]
[SourceDate "2011.01.30"]
[WhiteTeam "Russia"]
[BlackTeam "Armenia"]
[WhiteTeamCountry "RUS"]
[BlackTeamCountry "ARM"]
[TimeControl "40/6000+30:20/3000+30:900+30"]

1. d4 d5 2. c4 c6 3. Nc3 Nf6 4. cxd5 cxd5 5. Bf4 Nc6 6. e3 Bf5 7. Rc1 e6 8. Qb3
Qb6 9. Qxb6 axb6 10. Bb5 Be7 11. f3 O-O 12. a3 Rfc8 13. Nge2 Na5 14. Na4 Rxc1+
15. Nxc1 Nc4 16. Bxc4 dxc4 17. Nxb6 Ra6 18. Nxc4 Nd5 19. Ne5 Rb6 20. Ned3 Bxd3
21. Nxd3 Bxa3 22. Bg3 Bxb2 23. Ke2 Rc6 24. Bf2 Rc2+ 25. Kd1 Rxf2 26. Nxf2
1/2-1/2

[Event "Tata Steel Chess, Group A"]
[Site "Wijk aan Zee, The Netherlands"]
[Date "2011.01.20"]
[Round "5"]
[White "Nakamura, Hikaru"]
[Black "Ponomariov, Ruslan"]
[Result "1/2-1/2"]
[ECO "E20"]
[WhiteElo "2751"]
[BlackElo "2744"]
[PlyCount "86"]
[EventDate "2011.01.14"]
[EventType "tourn"]
[EventRounds "13"]
[EventCountry "NED"]
[EventCategory "20"]
[Source "Wijk aan Zee"]
[SourceDate "2011.01.30"]
[WhiteTeam "US of America"]
[BlackTeam "Ukraine"]
[WhiteTeamCountry "USA"]
[BlackTeamCountry "UKR"]
[TimeControl "40/6000+30:20/3000+30:900+30"]

1. d4 Nf6 2. c4 e6 3. Nc3 Bb4 4. Nf3 c5 5. g3 Nc6 6. Bg2 Ne4 7. Bd2 Nxd2 8.
Qxd2 cxd4 9. Nxd4 Qb6 10. Nc2 Be7 11. O-O O-O 12. Rab1 d6 13. b4 Rd8 14. Kh1
Bd7 15. Ne3 Bf8 16. b5 Na5 17. f4 Qc7 18. Rfc1 Rac8 19. Ne4 b6 20. Rc2 h6 21.
Rf1 f5 22. Nf2 g6 23. Nd3 Bg7 24. Rfc1 Be8 25. Nd1 Qe7 26. Qb4 Rc7 27. e4 fxe4
28. Bxe4 Qf6 29. Bf3 Bf7 30. N1f2 Qd4 31. Ne5 Bxe5 32. fxe5 Qxe5 33. Ng4 Qg7
34. Rd1 h5 35. Nf2 Qe5 36. Re1 Qd4 37. Rd1 Qe5 38. Re1 Qf5 39. Be4 Qc5 40. Qb2
Qg5 41. Bd3 e5 42. Ne4 Qe7 43. Rf1 Kg7 1/2-1/2

[Event "Tata Steel Chess, Group A"]
[Site "Wijk aan Zee, The Netherlands"]
[Date "2011.01.20"]
[Round "5"]
[White "Nepomniachtchi, Ian"]
[Black "Shirov, Alexei"]
[Result "1/2-1/2"]
[ECO "C78"]
[WhiteElo "2733"]
[BlackElo "2722"]
[PlyCount "157"]
[EventDate "2011.01.14"]
[EventType "tourn"]
[EventRounds "13"]
[EventCountry "NED"]
[EventCategory "20"]
[Source "Wijk aan Zee"]
[SourceDate "2011.01.30"]
[WhiteTeam "Russia"]
[BlackTeam "Spain"]
[WhiteTeamCountry "RUS"]
[BlackTeamCountry "ESP"]
[TimeControl "40/6000+30:20/3000+30:900+30"]

1. e4 e5 2. Nf3 Nc6 3. Bb5 a6 4. Ba4 Nf6 5. O-O b5 6. Bb3 Bc5 7. a4 Rb8 8. c3
d6 9. d4 Bb6 10. Na3 Bg4 11. axb5 axb5 12. Nxb5 O-O 13. Re1 Bxf3 14. gxf3 Nh5
15. Kh1 Qf6 16. Rg1 exd4 17. Bg5 Qe5 18. Bd5 dxc3 19. Bxc6 cxb2 20. Rb1 Bxf2
21. Rg2 Rb6 22. Bd7 Bc5 23. Qc2 h6 24. Bxh6 Qf6 25. Bxg7 Nxg7 26. Nxc7 Qxf3 27.
Nd5 Rb3 28. Ba4 Rb7 29. Bc6 Rb3 30. Qd2 Be3 31. Nxe3 Qxe3 32. Qxd6 Rc3 33. Rbg1
Qxg1+ 34. Rxg1 Rc1 35. Qg3 Rxg1+ 36. Qxg1 Rc8 37. Qb6 Rxc6 38. Qxb2 Rg6 39.
Qb8+ Kh7 40. Qb7 f5 41. e5 Re6 42. Qd5 Rg6 43. Qf3 Re6 44. Qf4 Rg6 45. h3 Kg8
46. Kh2 Kh7 47. Qc4 Re6 48. Qd5 Rg6 49. Qd4 Kg8 50. Qc4+ Kh7 51. Qc7 Kg8 52. h4
Kh7 53. Kh3 Kh6 54. Qd7 Kh7 55. Qf7 Re6 56. Qc7 Rg6 57. Qb8 Nh5 58. Qa7+ Ng7
59. Qe3 Rh6 60. Kg3 Rg6+ 61. Kh3 Rh6 62. Qd3 Re6 63. Qd5 Rg6 64. Qb5 Kh6 65.
Qb3 Kh7 66. Qd5 Ne6 67. Kh2 Ng7 68. Qb5 Kh6 69. Qb3 Kh7 70. Qd5 Rg4 71. h5 Nxh5
72. Qf7+ Ng7 73. e6 Re4 74. e7 Kh6 75. Kg2 Rg4+ 76. Kf2 Re4 77. Kf3 Kh7 78. Qf6
Kg8 79. Qf8+ 1/2-1/2

[Event "Tata Steel Chess, Group A"]
[Site "Wijk aan Zee, The Netherlands"]
[Date "2011.01.20"]
[Round "5"]
[White "Smeets, Jan"]
[Black "Anand, Viswanathan"]
[Result "0-1"]
[ECO "C95"]
[WhiteElo "2662"]
[BlackElo "2810"]
[PlyCount "130"]
[EventDate "2011.01.14"]
[EventType "tourn"]
[EventRounds "13"]
[EventCountry "NED"]
[EventCategory "20"]
[Source "Wijk aan Zee"]
[SourceDate "2011.01.30"]
[WhiteTeam "Netherlands"]
[BlackTeam "India"]
[WhiteTeamCountry "NED"]
[BlackTeamCountry "IND"]
[TimeControl "40/6000+30:20/3000+30:900+30"]

1. e4 e5 2. Nf3 Nc6 3. Bb5 a6 4. Ba4 Nf6 5. O-O Be7 6. Re1 b5 7. Bb3 d6 8. c3
O-O 9. h3 Nb8 10. d4 Nbd7 11. Nbd2 Bb7 12. Bc2 Re8 13. Nf1 Bf8 14. Bg5 h6 15.
Bh4 c5 16. dxe5 dxe5 17. a4 c4 18. N3h2 Re6 19. Qf3 Qb6 20. Ng4 Be7 21. Nxf6+
Bxf6 22. Bg3 Bg5 23. Ne3 Bxe3 24. Qxe3 Qxe3 25. Rxe3 Nc5 26. f3 Rd8 27. Re2 Bc6
28. axb5 Bxb5 29. Bf2 Nd3 30. Rd2 Rc8 31. Bb1 Rd6 32. Be3 Rcc6 33. Bxd3 cxd3
34. Kf2 Rd7 35. Rdd1 Rb7 36. Ra5 f6 37. Ke1 Bc4 38. b4 Bb5 39. Kd2 h5 40. Bc5
Kf7 41. Rc1 Bc4 42. Be3 Bb5 43. Bc5 Rxc5 44. bxc5 Bc4 45. Rd1 Rb2+ 46. Kc1 Rc2+
47. Kb1 Ke7 48. c6 Kd8 49. Ra4 Bb5 50. Ra2 Kc7 51. c4 Rxc4 52. Rc1 Rd4 53. Rd2
Ba4 54. Rc5 Bc2+ 55. Kb2 Rd6 56. Kc3 h4 57. g3 hxg3 58. h4 g6 59. Rd5 Rxc6+ 60.
Kb2 Rb6+ 61. Kc3 Rb3+ 62. Kc4 Rb1 63. Rg2 Bb3+ 64. Kxd3 Bxd5 65. exd5 Rb3+ 0-1

[Event "Tata Steel Chess, Group A"]
[Site "Wijk aan Zee, The Netherlands"]
[Date "2011.01.20"]
[Round "5"]
[White "Vachier Lagrave, Maxime"]
[Black "Giri, Anish"]
[Result "1/2-1/2"]
[ECO "C42"]
[WhiteElo "2715"]
[BlackElo "2686"]
[PlyCount "77"]
[EventDate "2011.01.14"]
[EventType "tourn"]
[EventRounds "13"]
[EventCountry "NED"]
[EventCategory "20"]
[Source "Wijk aan Zee"]
[SourceDate "2011.01.30"]
[WhiteTeam "France"]
[BlackTeam "Netherlands"]
[WhiteTeamCountry "FRA"]
[BlackTeamCountry "NED"]
[TimeControl "40/6000+30:20/3000+30:900+30"]

1. e4 e5 2. Nf3 Nf6 3. Nxe5 d6 4. Nf3 Nxe4 5. Nc3 Nxc3 6. dxc3 Be7 7. Be3 Nc6
8. Qd2 Be6 9. Ng5 Bxg5 10. Bxg5 Qd7 11. Be2 O-O 12. O-O-O f6 13. Be3 Ne7 14. b3
Rfd8 15. Rde1 Nd5 16. Bf3 c6 17. Bd4 Nc7 18. g4 Nb5 19. Rhg1 Nxd4 20. Qxd4 Re8
21. Kb2 a6 22. h4 Rad8 23. h5 h6 24. Be4 c5 25. Qd1 d5 26. Bg6 Bf7 27. f4 Bxg6
28. hxg6 d4 29. c4 Rxe1 30. Rxe1 Re8 31. g5 fxg5 32. fxg5 Rxe1 33. Qxe1 Qc6 34.
gxh6 gxh6 35. Qe7 Qxg6 36. Qxb7 Qd6 37. Qc8+ Kg7 38. Qg4+ Kf7 39. Qf5+ 1/2-1/2

[Event "Tata Steel Chess, Group A"]
[Site "Wijk aan Zee, The Netherlands"]
[Date "2011.01.20"]
[Round "5"]
[White "Wang Hao"]
[Black "Grischuk, Alexander"]
[Result "1-0"]
[ECO "E63"]
[WhiteElo "2731"]
[BlackElo "2773"]
[PlyCount "71"]
[EventDate "2011.01.14"]
[EventType "tourn"]
[EventRounds "13"]
[EventCountry "NED"]
[EventCategory "20"]
[Source "Wijk aan Zee"]
[SourceDate "2011.01.30"]
[WhiteTeam "China"]
[BlackTeam "Russia"]
[WhiteTeamCountry "CHN"]
[BlackTeamCountry "RUS"]
[TimeControl "40/6000+30:20/3000+30:900+30"]

1. d4 Nf6 2. c4 g6 3. g3 Bg7 4. Bg2 O-O 5. Nc3 d6 6. Nf3 Nc6 7. O-O a6 8. b3
Rb8 9. Nd5 Bg4 10. Bb2 Nxd5 11. cxd5 Nb4 12. e4 f5 13. h3 fxe4 14. hxg4 exf3
15. Bxf3 Qe8 16. g5 Rxf3 17. Qxf3 Qf7 18. Qe2 Rf8 19. f4 Nxd5 20. Rf2 h6 21.
Raf1 c6 22. g4 e6 23. Qe4 hxg5 24. fxg5 Qe8 25. Rxf8+ Bxf8 26. Re1 Kf7 27. Kg2
b5 28. a4 b4 29. Bc1 a5 30. Bf4 Qd7 31. Bg3 Be7 32. Rf1+ Kg7 33. Be5+ dxe5 34.
Qxe5+ Kg8 35. Rh1 Nf4+ 36. Kf1 1-0

[Event "Tata Steel Chess, Group A"]
[Site "Wijk aan Zee, The Netherlands"]
[Date "2011.01.21"]
[Round "6"]
[White "Anand, Viswanathan"]
[Black "Grischuk, Alexander"]
[Result "1/2-1/2"]
[ECO "B90"]
[WhiteElo "2810"]
[BlackElo "2773"]
[PlyCount "46"]
[EventDate "2011.01.14"]
[EventType "tourn"]
[EventRounds "13"]
[EventCountry "NED"]
[EventCategory "20"]
[Source "Wijk aan Zee"]
[SourceDate "2011.01.30"]
[WhiteTeam "India"]
[BlackTeam "Russia"]
[WhiteTeamCountry "IND"]
[BlackTeamCountry "RUS"]
[TimeControl "40/6000+30:20/3000+30:900+30"]

1. e4 c5 2. Nf3 d6 3. d4 cxd4 4. Nxd4 Nf6 5. Nc3 a6 6. f3 e5 7. Nb3 Be6 8. Be3
Be7 9. Qd2 O-O 10. O-O-O Nbd7 11. g4 b5 12. g5 b4 13. gxf6 bxc3 14. Qxc3 Nxf6
15. Na5 Rc8 16. Nc6 Qe8 17. Nxe7+ Qxe7 18. Qa5 Rc6 19. Rg1 Rfc8 20. Rg2 Bh3 21.
Rgd2 Bxf1 22. Rxf1 Qe6 23. Rff2 h6 1/2-1/2

[Event "Tata Steel Chess, Group A"]
[Site "Wijk aan Zee, The Netherlands"]
[Date "2011.01.21"]
[Round "6"]
[White "Aronian, Levon"]
[Black "Wang Hao"]
[Result "1/2-1/2"]
[ECO "D19"]
[WhiteElo "2805"]
[BlackElo "2731"]
[PlyCount "102"]
[EventDate "2011.01.14"]
[EventType "tourn"]
[EventRounds "13"]
[EventCountry "NED"]
[EventCategory "20"]
[Source "Wijk aan Zee"]
[SourceDate "2011.01.30"]
[WhiteTeam "Armenia"]
[BlackTeam "China"]
[WhiteTeamCountry "ARM"]
[BlackTeamCountry "CHN"]
[TimeControl "40/6000+30:20/3000+30:900+30"]

1. d4 d5 2. c4 c6 3. Nf3 Nf6 4. Nc3 dxc4 5. a4 Bf5 6. e3 e6 7. Bxc4 Bb4 8. O-O
Nbd7 9. Qe2 Bg4 10. h3 Bxf3 11. Qxf3 O-O 12. Rd1 Rc8 13. e4 e5 14. d5 cxd5 15.
Bxd5 Bxc3 16. bxc3 Nxd5 17. Rxd5 Qc7 18. Qg3 Nb6 19. Rxe5 f6 20. Rb5 Qxg3 21.
fxg3 Rf7 22. Bf4 g5 23. Be3 Rxc3 24. Bf2 Rc4 25. Ra5 Nc8 26. e5 b6 27. Rd5 fxe5
28. Rxe5 h6 29. Re8+ Kh7 30. Rd1 Rcc7 31. h4 Ne7 32. Rdd8 Kg6 33. g4 Rc1+ 34.
Kh2 Rxf2 35. h5+ Kg7 36. Rxe7+ Rf7 37. Re6 Rc4 38. Rg6+ Kh7 39. Rdd6 Rxg4 40.
Rxh6+ Kg8 41. Rdg6+ Rg7 42. a5 Rxg6 43. Rxg6+ Kh7 44. g3 Rc4 45. axb6 axb6 46.
Kh3 g4+ 47. Kh4 b5 48. Kg5 b4 49. Rh6+ Kg7 50. Rd6 Rc5+ 51. Kxg4 Rb5 1/2-1/2

[Event "Tata Steel Chess, Group A"]
[Site "Wijk aan Zee, The Netherlands"]
[Date "2011.01.21"]
[Round "6"]
[White "Ponomariov, Ruslan"]
[Black "Vachier Lagrave, Maxime"]
[Result "1/2-1/2"]
[ECO "D99"]
[WhiteElo "2744"]
[BlackElo "2715"]
[PlyCount "43"]
[EventDate "2011.01.14"]
[EventType "tourn"]
[EventRounds "13"]
[EventCountry "NED"]
[EventCategory "20"]
[Source "Wijk aan Zee"]
[SourceDate "2011.01.30"]
[WhiteTeam "Ukraine"]
[BlackTeam "France"]
[WhiteTeamCountry "UKR"]
[BlackTeamCountry "FRA"]
[TimeControl "40/6000+30:20/3000+30:900+30"]

1. Nf3 Nf6 2. c4 g6 3. Nc3 d5 4. cxd5 Nxd5 5. Qb3 Nb6 6. d4 Bg7 7. e4 O-O 8.
Be3 Bg4 9. Rd1 e6 10. Be2 Nc6 11. Ng1 Bxe2 12. Ngxe2 Qe7 13. O-O Rfd8 14. e5
Qb4 15. Qc2 h6 16. a3 Qc4 17. Rc1 Nd5 18. Nxd5 Qxc2 19. Nf6+ Bxf6 20. Rxc2 Bg7
21. Rfc1 Rd7 22. g4 1/2-1/2

[Event "Tata Steel Chess, Group A"]
[Site "Wijk aan Zee, The Netherlands"]
[Date "2011.01.21"]
[Round "6"]
[White "Smeets, Jan"]
[Black "Carlsen, Magnus"]
[Result "0-1"]
[ECO "C67"]
[WhiteElo "2662"]
[BlackElo "2814"]
[PlyCount "66"]
[EventDate "2011.01.14"]
[EventType "tourn"]
[EventRounds "13"]
[EventCountry "NED"]
[EventCategory "20"]
[Source "Wijk aan Zee"]
[SourceDate "2011.01.30"]
[WhiteTeam "Netherlands"]
[BlackTeam "Norway"]
[WhiteTeamCountry "NED"]
[BlackTeamCountry "NOR"]
[TimeControl "40/6000+30:20/3000+30:900+30"]

1. e4 e5 2. Nf3 Nc6 3. Bb5 Nf6 4. O-O Nxe4 5. d4 Nd6 6. Bxc6 dxc6 7. dxe5 Nf5
8. Qxd8+ Kxd8 9. Nc3 Bd7 10. h3 b6 11. b3 Kc8 12. Bb2 h5 13. g3 Be7 14. Rad1 a5
15. a4 Re8 16. Rd3 c5 17. Nd5 c4 18. Rc3 Bc5 19. Kh2 Bc6 20. bxc4 Bxa4 21. Ra1
Bc6 22. Rf1 a4 23. Ba3 Ra5 24. g4 hxg4 25. hxg4 Ne7 26. Nb4 Bb7 27. Kg3 Ng6 28.
Re1 Bxf3 29. Rxf3 Rxe5 30. Rd1 Re4 31. Rxf7 Rxg4+ 32. Kxg4 Ne5+ 33. Kg3 Nxf7
0-1

[Event "Tata Steel Chess, Group A"]
[Site "Wijk aan Zee, The Netherlands"]
[Date "2011.01.22"]
[Round "7"]
[White "Carlsen, Magnus"]
[Black "Anand, Viswanathan"]
[Result "1/2-1/2"]
[ECO "B80"]
[WhiteElo "2814"]
[BlackElo "2810"]
[PlyCount "36"]
[EventDate "2011.01.14"]
[EventType "tourn"]
[EventRounds "13"]
[EventCountry "NED"]
[EventCategory "20"]
[Source "Wijk aan Zee"]
[SourceDate "2011.01.30"]
[WhiteTeam "Norway"]
[BlackTeam "India"]
[WhiteTeamCountry "NOR"]
[BlackTeamCountry "IND"]
[TimeControl "40/6000+30:20/3000+30:900+30"]

1. e4 c5 2. Nf3 d6 3. d4 cxd4 4. Nxd4 Nf6 5. Nc3 a6 6. g3 e6 7. Bg2 Be7 8. O-O
O-O 9. Nce2 Qc7 10. b3 e5 11. Nf5 Bxf5 12. exf5 d5 13. Bxd5 Rd8 14. c4 Nxd5 15.
cxd5 Qa5 16. Qd2 Qxd2 17. Bxd2 Rxd5 18. Be3 Nc6 1/2-1/2

[Event "Tata Steel Chess, Group A"]
[Site "Wijk aan Zee, The Netherlands"]
[Date "2011.01.22"]
[Round "7"]
[White "Grischuk, Alexander"]
[Black "Aronian, Levon"]
[Result "0-1"]
[ECO "C85"]
[WhiteElo "2773"]
[BlackElo "2805"]
[PlyCount "98"]
[EventDate "2011.01.14"]
[EventType "tourn"]
[EventRounds "13"]
[EventCountry "NED"]
[EventCategory "20"]
[Source "Wijk aan Zee"]
[SourceDate "2011.01.30"]
[WhiteTeam "Russia"]
[BlackTeam "Armenia"]
[WhiteTeamCountry "RUS"]
[BlackTeamCountry "ARM"]
[TimeControl "40/6000+30:20/3000+30:900+30"]

1. e4 e5 2. Nf3 Nc6 3. Bb5 a6 4. Ba4 Nf6 5. O-O Be7 6. Bxc6 dxc6 7. Nc3 Nd7 8.
d4 exd4 9. Nxd4 O-O 10. Qe2 Bd6 11. Be3 Nf6 12. f4 Ng4 13. Rad1 Nxe3 14. Qxe3
f6 15. Nce2 Qe7 16. Kh1 Re8 17. Ng3 Qf7 18. b3 Bg4 19. Rde1 Bd7 20. Nf3 Rad8
21. e5 fxe5 22. fxe5 Qg6 23. Qa7 Bb4 24. Rd1 Bc8 25. Qf2 Rxd1 26. Rxd1 Rf8 27.
Qe2 Be7 28. Rf1 h6 29. Nd4 c5 30. Rxf8+ Bxf8 31. Nf3 Be6 32. Nf1 b5 33. c4 bxc4
34. bxc4 Qb1 35. h3 Qc1 36. N3d2 Be7 37. Kh2 Bg5 38. g3 Qc2 39. a3 Qf5 40. g4
Bf4+ 41. Kg2 Qxe5 42. Qxe5 Bxe5 43. Ne3 Bb2 44. Nb1 Kf7 45. Kf3 Kf6 46. Ke4 Kg5
47. Nd5 Bxd5+ 48. cxd5 Kh4 49. Nd2 Bxa3 0-1